 Dungeon Crawl Stone Soup version 0.29.0-4-gdea44cf6ec (webtiles) character file.

Game seed: 15193952001175887511

37 qw the Chopper (level 3, 0/21 HPs)
             Began as a Tengu Warper on Aug 28, 2022.
             Slain by a gnoll
             ... wielding a +2 whip of venom
              (3 damage)
             ... on level 2 of the Dungeon.
             The game lasted 00:00:07 (1093 turns).

qw the Chopper (Tengu Warper)                       Turns: 1093, Time: 00:00:08

Health: 0/21       AC:  6    Str: 13    XL:     3   Next: 41%
Magic:  7/7        EV:  9    Int: 13    God:
Gold:   47         SH:  0    Dex: 13    Spells: 6/6 levels left

rFire   . . .      SeeInvis .   Y - +0 hand axe
rCold   . . .      Faith    .   (no shield)
rNeg    . . .      Spirit   .   e - +0 scale mail
rPois   .          Reflect  .   (helmet restricted)
rElec   .          Harm     .   (no cloak)
rCorr   +          Rampage  .   (no gloves)
Will    .....                   (boots unavailable)
Stlth   ..........              (no amulet)
HPRegen 0.07/turn               i - ring of resist corrosion
MPRegen 0.10/turn               (no ring)

@: no status effects
A: beak, talons 3
a: no special abilities


You were on level 2 of the Dungeon.
You visited 1 branch of the dungeon, and saw 2 of its levels.

You collected 47 gold pieces.


Innate Abilities, Weirdness & Mutations

You have a beak for a mouth.
You have claws for feet.


   Skills:
 - Level 2.0 Fighting
 + Level 4.1 Axes
 - Level 1.0 Throwing
 - Level 1.1 Armour
 - Level 2.1 Dodging
 - Level 2.0 Spellcasting
 - Level 2.4 Translocations


You had 6 spell levels left.
You didn't know any spells.
Your spell library contained the following spells:

 Spells                   Type           Power      Damage    Failure   Level
 Blink                    Tloc           14%        N/A       56%         2
 Gell's Gravitas          Tloc           7%         N/A       80%         3
 Lesser Beckoning         Tloc           7%         N/A       80%         3
 Teleport Other           Tloc           7%         N/A       80%         3
 Manifold Assault         Tloc           7%         N/A       100%        5

Inventory:

Hand Weapons
 Y - a +0 hand axe (weapon)
Armour
 e - a +0 scale mail (worn)
Jewellery
 i - a ring of resist corrosion (left hand)
Potions
 a - a potion of lignification {unknown}
 g - a potion of flight {unknown}
 h - a potion of heal wounds {unknown}

Dungeon Overview and Level Annotations

Branches:
Dungeon (2/15)

Altars:


Message History

The gnoll shouts!
An endoplasm comes into view.
A rat comes into view.
The hobgoblin hits you but does no damage.
A gnoll comes into view. It is wielding a +2 whip of venom.
A gnoll comes into view. It is wielding a +0 scimitar.
You barely miss the hobgoblin.
The gnoll shouts! x2
Your kick misses the hobgoblin.
The gnoll hits you from afar with a +0 spear.
The hobgoblin closely misses you.
The gnoll hits you from afar with a +0 spear.
The hobgoblin closely misses you.
You hit the hobgoblin. You claw the hobgoblin.
You kill the hobgoblin!
The gnoll hits you from afar with a +0 spear!
The gnoll hits you with a +0 spear.
The endoplasm hits you but does no damage.
You see here a hobgoblin corpse.
You hit the gnoll. You claw the gnoll!
The gnoll is almost dead.
You hit the endoplasm.
A ball python comes into view.
The gnoll barely misses you.
The endoplasm hits you but does no damage.
The ball python hisses angrily.
You hit the gnoll.
You kill the gnoll!
You hit the endoplasm.
The endoplasm hits you but does no damage.
Your Axes skill increases to level 4!
You hit the endoplasm.
The endoplasm is almost dead.
You hit the gnoll. The endoplasm barely misses you.
The gnoll closely misses you.
You hit the endoplasm.
You kill the endoplasm!
You hit the gnoll.
The gnoll hits you with a +2 whip of venom.
You die...

. .. . . .##. #. #..
#. #S$ .####. #.###.#
......## #..gg#
####..... #.#@#
........ #.#.# ##..#..
#.#.# #..... #.#.#
#..... #.#.# #.....
#.#.## #..#..
#....####### #...##
###........####...#
#######.##.#.........#


You could see 2 gnolls and a ball python.

Vanquished Creatures
  A gnoll (D:2)
  4 endoplasms
  2 giant cockroaches (D:1)
  A goblin (D:1)
  4 hobgoblins
  2 quokkas
  3 ball pythons (D:1)
  3 bats (D:1)
  5 frilled lizards
  A kobold (D:1)
  2 rats
28 creatures vanquished.

Notes
Turn   | Place    | Note
-------+----------+-------------------------------------------
     0 | D:1      | qw the Tengu Warper began the quest for the Orb.
     0 | D:1      | Reached XP level 1. HP: 12/12 MP: 4/4
     0 | D:1      | 0 ||| qw: Version: 0.1-a-89-g26bdef1
     0 | D:1      | 0 ||| qw: Game counter: 1820
     0 | D:1      | 0 ||| qw: Always use a shield: true
     0 | D:1      | 0 ||| qw: God list: Okawaru
     0 | D:1      | 0 ||| qw: Allow faded altars: false
     0 | D:1      | 0 ||| qw: Do Orc after D:15 true
     0 | D:1      | 0 ||| qw: Do second Lair branch before Depths: true
     0 | D:1      | 0 ||| qw: Lair rune preference: random
     0 | D:1      | 0 ||| qw: Plans: Normal
     0 | D:1      | 0 ||| PLANNING D:1-11
   179 | D:1      | Found a faded altar of an unknown god.
   191 | D:1      | Reached XP level 2. HP: 15/17 MP: 6/6
   193 | D:1      | Reached skill level 3 in Axes
   945 | D:1      | 945 ||| UPGRADING to +0 scale mail.
   955 | D:1      | 955 ||| DROPPING +0 leather armour.
   956 | D:1      | 956 ||| UPGRADING to ring of resist corrosion.
   957 | D:1      | 957 ||| READING scroll labelled VYPTOTA DIPH.
   960 | D:1      | 960 ||| READING scroll labelled WEARI NYGOEXT.
   961 | D:1      | 961 ||| DROPPING scroll of blinking.
   997 | D:2      | Reached XP level 3. HP: 18/21 MP: 7/7
  1008 | D:2      | 1008 ||| Stepping ~*~*~tactically~*~*~ (stealth).
  1088 | D:2      | HP: 4/21 [gnoll/+0 spear (7)]
  1092 | D:2      | Reached skill level 4 in Axes
  1093 | D:2      | Slain by a gnoll

Levels and vault maps discovered:
D:1:      minmay_arrival_doors, layout_rooms,
          hellmonk_ecumenical_altar_arch_garden
D:2:      layout_loops_ring, minmay_misc_feat_cross, uniq_crazy_yiuf_cottage

Skill      XL: |  1  2  3 |
---------------+----------+-----
Axes           | 3 4 |  4.1
Fighting       | |  2.0
Throwing       | |  1.0
Armour         | |  1.1
Dodging        | |  2.1
Spellcasting   | |  2.0
Translocations | |  2.4

Action                   || total
-------------------------++-------
Melee: Hand axe          ||    67
       Kick              ||    11
       Peck              ||     7
       Punch             ||     1
Throw: Boomerang         ||     7
  Use: Scroll            ||     2
Armor: Leather armour    ||    16
       Scale mail        ||     9
Dodge: Dodged            ||    44

Table legend:
 A = Non-vault XP
 B = Vault XP
 C = Vault XP percentage of total XP
 D = Non-vault monster count
 E = Vault monster count
 F = Vault count percentage of total count
                 A         B        C        D         E       F
            +---------+---------+-------+---------+---------+-------
      Total |      56 |       0 |   0.0 |      28 |       0 |   0.0
            +---------+---------+-------+---------+---------+-------
        D:1 |      30 |       0 |   0.0 |      19 |       0 |   0.0
        D:2 |      26 |       0 |   0.0 |       9 |       0 |   0.0
            +---------+---------+-------+---------+---------+-------
